 Dungeon Crawl Stone Soup version 0.30-a0-422-g946f4849ff (webtiles) character file.

Game seed: 13751881651579317937

115 McMuffin the Shield-Bearer (level 4, -8/35 HPs)
             Began as a Demigod Wanderer on Dec 8, 2022.
             Killed by divine providence
             ... invoked by an orc priest
              (9 damage)
             ... on level 3 of the Dungeon.
             The game lasted 00:13:32 (1557 turns).

McMuffin the Shield-Bearer (Demigod Wanderer)       Turns: 1557, Time: 00:13:33

Health: -8/35      AC:  8    Str: 12    XL:     4   Next: 41%
Magic:  1/7        EV: 12    Int: 15    God:
Gold:   47         SH:  5    Dex: 17    Spells: 3/4 levels left

rFire   x . .      SeeInvis .    s - +2 dagger (venom)
rCold   + . .      Faith    .    b - +0 buckler {AC+3}
rNeg    . . .      Spirit   .    f - +0 robe
rPois   .          Reflect  .    (no helmet)
rElec   .          Harm     .    (no cloak)
rCorr   .          Rampage  .    k - +2 pair of gloves {hurl}
Will    .....                    (no boots)
Stlth   ++........               (no amulet)
HPRegen 0.25/turn                t - ring of ice
MPRegen 0.10/turn                (no ring)

@: very slightly contaminated
A: high MP 1, forlorn, divine attributes
a: no special abilities


You were on level 3 of the Dungeon.
You visited 1 branch of the dungeon, and saw 3 of its levels.

You collected 47 gold pieces.

Inventory:

Hand Weapons
 a - a +0 spear
 d - a +0 dagger
 h - a +0 mace
 p - a +0 dagger
 s - a +2 dagger of venom (weapon)
Missiles
 c - 8 poisoned darts
 j - 5 datura-tipped darts
Armour
 b - a +0 buckler of protection (worn)
 f - a +0 robe (worn)
 k - a +2 pair of gloves of hurling (worn)
 r - a +1 helmet of intelligence
Jewellery
 t - a ring of ice (left hand)
Scrolls
 i - a scroll of identify
 l - a scroll of teleportation
 o - a scroll of noise {unknown}
Potions
 e - a potion of berserk rage
 g - a potion of ambrosia {unknown}
 m - a potion of mutation {unknown}
 n - 3 potions of curing {unknown}
 q - 2 potions of lignification {unknown}


   Skills:
 + Level 1.0 Fighting
 + Level 1.0 Maces & Flails
 + Level 1.9 Polearms
 + Level 2.1 Throwing
 + Level 1.9 Dodging
 + Level 4.5 Shields
 + Level 0.5 Spellcasting
 + Level 0.2 Conjurations
 + Level 0.5 Air Magic


You had 3 spell levels left.
You knew the following spells:

 Your Spells              Type           Power      Damage    Failure   Level
a - Shock                 Conj/Air       4%         1d3       28%         1

Your spell library contained the following spells:

 Spells                   Type           Power      Damage    Failure   Level
 Swiftness                Air            2%         N/A       61%         3
 Inner Flame              Hex/Fire       0%         N/A       69%         3
 Airstrike                Air            1%         2d(1-17)  95%         4
 Flame Wave               Conj/Fire      0%         2d4       97%         4
 Sticky Flame             Conj/Fire      0%         2d3       97%         4


Dungeon Overview and Level Annotations

Branches:
Dungeon (3/15)


Innate Abilities, Weirdness & Mutations

You have an increased reservoir of magic. (+10% MP)
You shall have no god before yourself.
Your divine heritage dramatically boosts your attributes as you level up.


Message History

The orc is almost dead.
You kill the orc!
Aiming: Shock (safe; 28% risk of failure)
Press: ? - help, Q - select action, (/) - cycle Shift-Dir - straight line, f/p - orc priest
Aim: an orc priest, wielding a +0 hand axe and wearing a +0 leather armour (64% to hit)
You miscast Shock.
Nothing appears to happen.
You hear some strange, mumbled words.
A puff of flame appears from out of thin air!
You block the puff of flame.
The orc hits you from afar with a +0 trident.
You closely miss something. You block something's attack.
You block the orc's attack.
The orc priest invokes the aid of Beogh against you.
Beogh smites you!
* * * LOW HITPOINT WARNING * * *
Aiming: Shock (safe; 28% risk of failure)
Press: ? - help, Q - select action, (/) - cycle Shift-Dir - straight line, f/p - orc priest
Aim: an orc priest, wielding a +0 hand axe and wearing a +0 leather armour (64% to hit)
You miscast Shock.
Nothing appears to happen.
You hear some strange, mumbled words.
Something tries to affect you, but you resist.
You block the orc's attack.
Aiming: Shock (safe; 28% risk of failure)
Press: ? - help, Q - select action, (/) - cycle Shift-Dir - straight line, f/p - orc priest
Aim: an orc priest, wielding a +0 hand axe and wearing a +0 leather armour (64% to hit)
You miscast Shock.
Nothing appears to happen.
Something hits you but does no damage. The orc closely misses you.
You don't have enough magic to cast this spell.
You hit something but do no damage. Something hits you.
* * * LOW HITPOINT WARNING * * *
The orc hits you from afar with a +0 trident.
* * * LOW HITPOINT WARNING * * *
You barely miss something. Something hits you.
* * * LOW HITPOINT WARNING * * *
The orc hits you but does no damage.
You hit something. You block something's attack.
The orc hits you but does no damage.
The orc priest calls down the wrath of Beogh upon you.
Beogh smites you!
You die...

##################
#.................
#.###############.
#.# #. #.# ###.
#.# #... #.# #...
#.# #####'# #@#
#....#. #{#
#..≈≈#≈ #o#
#....#. #o#
#....#. #.#
#.§§≈_≈ #†#
#§§§§#. #.#
#....#. #.#
#..≈≈#≈ #.#######
#....#.


You could see an orc priest and an orc.

Vanquished Creatures
  Robin (D:3)
  4 adders
  A dart slug (D:1)
  An orc (D:3)
  7 ball pythons
  6 endoplasms
  5 giant cockroaches
  6 hobgoblins
  3 kobolds
  3 quokkas
  2 bats
  4 frilled lizards
  11 goblins
  6 rats
60 creatures vanquished.

Vanquished Creatures (others)
  17 fungi (D:3)
17 creatures vanquished.

Grand Total: 77 creatures vanquished

Notes
Turn   | Place    | Note
-------+----------+-------------------------------------------
     0 | D:1      | McMuffin the Demigod Wanderer began the quest for the Orb.
     0 | D:1      | McMuffin set off with the following items: a +0 spear, a +0
                  | buckler of protection, 14 poisoned darts, a +0 dagger, a
                  | potion of berserk rage, a +0 robe.
     0 | D:1      | Reached XP level 1. HP: 16/16 MP: 3/3
   230 | D:1      | Reached skill level 4 in Shields
   282 | D:1      | Reached XP level 2. HP: 23/23 MP: 4/4
   521 | D:2      | Reached XP level 3. HP: 21/28 MP: 5/5
   559 | D:2      | Learned a level 1 spell: Shock
  1223 | D:3      | Noticed Robin
  1286 | D:3      | Reached XP level 4. HP: 22/35 MP: 2/6
  1311 | D:3      | Killed Robin
  1465 | D:3      | Reached skill level 1 in Maces & Flails
  1556 | D:3      | HP: 1/35 [something (4)]
  1557 | D:3      | Killed from afar by an orc priest

Illustrated notes

Levels and vault maps discovered:
D:1:      mrwooster_arrival_statue_3, layout_basic, serial_shops,
          nicolae_shop_window_shopping
D:2:      layout_rooms
D:3:      layout_basic, mainiacjoe_overflow_chevrons,
          nicolae_hepliaklqana_hazy_memory,
          shapermc_ecumenical_altar_notcrosses, uniq_robin

Skill      XL: |  1  2  3  4 |
---------------+-------------+-----
Shields        | 4 |  4.5
Throwing       | 2 |  2.1
Maces & Flails | 1 |  1.0
Fighting       | |  1.0
Polearms       | |  1.9
Dodging        | |  1.9
Spellcasting   | |  0.5
Conjurations   | |  0.2
Air Magic      | |  0.5

Action                   |  1- 3 |  4- 6 || total
-------------------------+-------+-------++-------
Melee: Spear             |    18 |       ||    18
       Mace              |    82 |    19 ||   101
       Dagger            |       |    15 ||    15
Throw: Dart              |    38 |       ||    38
 Cast: Shock             |    18 |    12 ||    30
  Use: Scroll            |       |     1 ||     1
Armor: Robe              |    38 |    19 ||    57
Dodge: Dodged            |    78 |    25 ||   103
Block: Buckler           |    23 |    13 ||    36

Table legend: (Time is in decaauts)
 A = Elapsed time spent in this place.
 B = Non-inter-level travel time spent in this place.
 C = Inter-level travel time spent in this place.
 D = Time resting spent in this place.
 E = Time spent auto-exploring this place.
 F = Levels seen in this place.
 G = Mean time per level.
                   A        B        C        D        E       F      G
               +--------+--------+--------+--------+--------+-----+--------+
         Total |   1599 |   1599 |      0 |     97 |      0 |   3 |  533.0 |
       Dungeon |   1599 |   1599 |      0 |     97 |      0 |   3 |  533.0 |
               +--------+--------+--------+--------+--------+-----+--------+

Top non-repeatable levels by time:
     D:3: 602 daAuts
     D:2: 523 daAuts
     D:1: 473 daAuts
